Map: Terrasses de Prion

Players

Garm - Winner!

  • Race: Zerg Zerg
  • League: Silver
  • Spawn Location: 11:00

zidar

  • Race: Zerg Zerg
  • League: Silver
  • Spawn Location: 5:00

VOD

Have the link to the VOD?

Description

Time

  • Played on: Dec. 10, 2015, 7:50 a.m.
  • Length: 7:10
Show
View Real Time Build Order
Export as new Build Order

Garm Zerg - Winner!

Build Orders: 1 Base Baneling Bust, Pool Only, Zergling Baneling 

Get SALT Encoding   

  12  0:02  Drone  
  13  0:09  Drone  
  14  0:28  Spawning Pool  
  13  0:31  Drone  
  13  0:32  Extractor  
  13  0:35  Drone  
  14  0:52  Overlord  
  14  1:16  Queen  
  16  1:24  Zergling x2  
  17  1:27  Zergling x2  
  17  1:28  Zergling x2  
  19  1:37  Metabolic Boost  
  19  2:00  Baneling Nest, Drone  
  19  2:10  Zergling x2  
  19  2:11  Zergling x2  
  21  2:22  Zergling x2  
  22  2:25  Overlord  
  19  2:58  Zergling x6  
  20  3:01  Spine Crawler  
  18  3:08  Zergling x6  
  21  3:17  Baneling x4  
  15  3:45  Zergling x12  
  21  4:01  Queen  
  19  4:36  Baneling x7  
  19  4:37  Baneling  
  19  4:40  Zergling x6  
  21  4:53  Zergling x2  
  22  5:04  Zergling x2  
  19  5:29  Zergling x2  
  19  5:30  Zergling x2  
  19  5:47  Zergling x4  
  19  5:48  Zergling x2  
  22  5:51  Baneling x3  
  22  5:52  Baneling  
  22  6:08  Zergling x4  
  23  6:17  Zergling x2  
  24  6:21  Baneling x3  
  22  6:30  Zergling x2  
  18  6:42  Zergling x6  
  18  6:43  Zergling x2  
  22  6:52  Zergling x2  
Show
View Real Time Build Order
Export as new Build Order

zidar Zerg 

Build Orders: Pool First 

Get SALT Encoding   

  12  0:23  Spawning Pool, Drone  
  12  0:26  Extractor  
  12  0:28  Drone  
  12  0:38  Drone  
  13  0:48  Overlord  
  13  0:50  Drone  
  14  1:11  Zergling x2  
  15  1:12  Queen  
  15  1:16  Zergling x2  
  18  1:26  Metabolic Boost  
  18  1:30  Zergling x2  
  19  1:34  Zergling x2  
  20  1:40  Zergling x2  
  21  1:49  Zergling x2  
  22  2:07  Overlord  
  22  2:12  Overlord  
  22  2:26  Zergling x2  
  22  2:27  Zergling x4  
  25  2:33  Zergling x2  
  26  2:57  Zergling x10  
  31  3:10  Zergling x2  
  24  3:46  Zergling x2  
  24  3:47  Zergling x6  
  26  4:21  Drone x5  
  28  4:26  Hatchery  
  28  4:30  Zergling x2  
  21  4:55  Zergling x2  
  21  4:56  Zergling x4  
  24  5:04  Roach Warren  
  23  5:12  Zergling x6  
  4  5:45  Roach  
  4  5:46  Roach x4  
  14  5:53  Drone  
  10  6:45  Drone  
Tags
 
Add a new tag
Caveats
  • Supply blocks, unpowered buildings, or Contaminate may cause inaccurate times.
  • Supply counts are checked every 10 seconds.